Get step-by-step instructions on how to execute this build order below. Start the game timer, and the build order will tick by so you can play in parallel with StarCraft on a second screen or mobile device.

Game Time

  0:00

Last Step

  N/A

Next Step

  12  0:00  Drone  

Upcoming Step

  13  0:12  Overlord  

Don't want to look back and forth between 2 screens? Try out our Overwolf App, the Spawning Tool Build Advisor to get an in-game overlay with this build!

Complete Build Order

  12  0:00  Drone  
  13  0:12  Overlord  
  13  0:16  Drone  
  14  0:30  Drone  
  14  0:31  Drone  
  14  0:35  Drone  
  17  0:44  Extractor  
  17  0:45  Drone  
  17  0:50  Spawning Pool  
  17  0:55  Drone  
  17  1:09  Drone  
  18  1:18  Hatchery  
  17  1:24  Drone  
  18  1:28  Drone  
  19  1:37  Queen  
  21  1:44  Overlord  
  21  1:51  Metabolic Boost  
  21  1:54  Zergling x2  
  22  2:08  Drone  
  23  2:16  Zergling x2  
  24  2:27  Lair  
  24  2:30  Queen  
  24  2:32  Zergling x2  
  24  2:34  Zergling x2  
  24  2:35  Zergling x2  
  29  2:43  Zergling x2  
  30  2:52  Zergling x8  
  30  2:53  Overlord  
  31  3:20  Drone x4  
  35  3:28  Drone x4  
  35  3:33  Drone  
  40  3:35  Drone, Extractor  
  40  3:40  Drone  
  41  3:47  Hydralisk Den  
  40  3:48  Drone  
  40  3:50  Extractor  
  40  3:51  Drone  
  40  3:53  Overlord x2  
  41  4:09  Spore Crawler  
  40  4:11  Spore Crawler, Drone  
  40  4:13  Drone x4  
  43  4:20  Muscular Augments  
  43  4:28  Drone x3  
  45  4:31  Overlord  
  45  4:40  Hydralisk x2  
  45  4:44  Hydralisk  
  51  4:50  Overlord  
  50  5:00  Hydralisk x2  
  50  5:03  Overlord x2  
  50  5:07  Hydralisk  
  50  5:12  Drone  
  50  5:13  Hydralisk  
  55  5:14  Hydralisk  
  55  5:18  Hydralisk  
  55  5:20  Hydralisk  
  61  5:24  Grooved Spines  
  61  5:25  Hydralisk  
  61  5:28  Overlord  
  63  5:30  Zergling x2  
  63  5:31  Zergling x2  
  65  5:39  Hydralisk x2  
  65  5:41  Zergling x6  
  72  5:44  Hydralisk  
  72  5:48  Overlord  
  74  5:51  Hydralisk  
  76  6:01  Hydralisk  
  76  6:02  Hydralisk  
  80  6:16  Hydralisk x2  
  83  6:20  Drone  
  83  6:21  Hydralisk  
  83  6:25  Zergling x10  
  91  6:27  Hatchery  
  86  6:40  Drone x2